 Dungeon Crawl Stone Soup version 0.17.1-1-g73c8601 (webtiles) character file.

14116 Iskender the Spear-Bearer (level 11, -3/68 HPs)
             Began as a Demonspawn Wanderer on Dec 29, 2015.
             Was the Champion of Cheibriados.
             Slain by a wolf spider (12 damage)
             ... on level 2 of the Lair of Beasts.
             The game lasted 01:56:39 (10373 turns).

Iskender the Spear-Bearer (Demonspawn Wanderer)    Turns: 10373, Time: 01:56:39

Health: -3/68      AC:  9    Str: 29    XL:     11   Next: 84%
Magic:  5/17       EV: 21    Int: 29    God:    Cheibriados [******]
Gold:   367        SH:  7    Dex: 33    Spells: 6 memorised, 3 levels left

rFire  . . .     SeeInvis .     a - +0 trident
rCold  . . .     Clarity  .     J - +3 leather armour
rNeg   + . .     SustAt   .     d - +0 buckler {reflect}
rPois  +         Gourm    .     (no helmet)
rElec  .         Spirit   .     (no cloak)
rCorr  .         Warding  +     D - +0 pair of gloves
rMut   .         Stasis   .     (no boots)
MR     .....                    l - amulet of warding
Stlth  +++++.....               T - +4 ring of dexterity
                                p - ring of poison resistance

@: very slightly contaminated, repel missiles, very slow, not resistant to
hostile enchantments, quite stealthy
A: claws 1, yellow scales 1, powered by death 2, powered by pain 1
a: Bend Time, Temporal Distortion, Slouch, Step From Time, Renounce Religion


You were on level 2 of the Lair of Beasts.
You worshipped Cheibriados.
Cheibriados was exalted by your worship.
You were not hungry.

You visited 3 branches of the dungeon, and saw 13 of its levels.
You also visited: Labyrinth.

You collected 502 gold pieces.
You spent 135 gold pieces at shops.

Inventory:

Hand Weapons
 a - a +0 trident (weapon)
 b - a +0 spear of piercing
Missiles
 h - 6 curare-tipped needles
 m - 4 javelins
 z - 7 tomahawks (quivered)
 I - 38 poisoned needles
 O - 2 throwing nets
Armour
 d - a +0 buckler of reflection (worn)
 i - a +1 plate armour of fire resistance
 D - a +0 pair of gloves (worn)
 J - a +3 leather armour (worn)
Magical Staves
 W - an uncursed staff of wizardry
Jewellery
 l - an amulet of warding (around neck)
 n - an uncursed ring of ice
 p - a ring of poison resistance (left hand)
 w - an uncursed ring of wizardry
 K - a +4 ring of intelligence
 R - an uncursed ring of positive energy
 T - a +4 ring of dexterity (right hand)
Wands
 A - a wand of fireball (8)
 C - a wand of digging (6)
 P - a wand of frost (15)
 U - a wand of frost (31)
Scrolls
 c - 2 scrolls of vulnerability {unknown}
 k - 7 scrolls of teleportation
 o - 5 scrolls of remove curse
 q - 3 scrolls of recharging
 s - 4 scrolls of enchant weapon
 t - a scroll of magic mapping
 u - 3 scrolls of brand weapon {unknown}
 B - 2 scrolls of amnesia
 E - 2 scrolls of immolation
 M - 2 scrolls of blinking {unknown}
 N - a scroll of holy word
 Q - a scroll of fear {unknown}
 S - a scroll of identify
Potions
 e - 3 potions of curing
 v - a potion of agility
 x - a potion of might
 F - 2 potions of heal wounds
 G - 2 potions of magic
 L - 2 potions of cancellation {unknown}
Books
 j - a book of Minor Magic

   Spells                             Type                      Level
   a - Magic Dart                     Conjuration                  1
   b - Blink                          Translocation                2
   c - Call Imp                       Summoning                    2
   d - Repel Missiles                 Charms/Air                   2
   e - Slow                           Hexes                        2
   f - Conjure Flame                  Conjuration/Fire             3
   g - Mephitic Cloud                 Conjuration/Poison/Air       3
Miscellaneous
 y - a lamp of fire
Comestibles
 f - 9 bread rations
 g - 6 meat rations
 r - 4 beef jerkies
 H - a fruit


   Skills:
 + Level 12.1 Polearms
 - Level 7.0 Dodging
 - Level 6.8 Stealth
 - Level 4.0 Shields
 - Level 3.0 Spellcasting
 - Level 6.4 Conjurations
 - Level 1.2 Summonings
 - Level 2.6 Translocations
   Level 1.0 Ice Magic
 - Level 8.1 Invocations


You had 3 spell levels left.
You knew the following spells:

 Your Spells              Type           Power        Failure   Level  Hunger
a - Magic Dart            Conj           ####         1%          1    None
b - Call Imp              Summ           ##......     12%         2    #......
d - Conjure Flame         Conj/Fire      ###.....     10%         3    ###....
r - Repel Missiles        Chrm/Air       #.....       14%         2    #......
v - Blink                 Tloc           N/A          6%          2    #......
C - Mephitic Cloud        Conj/Pois/Air  ###.....     14%         3    ###....


Dungeon Overview and Level Annotations

Branches:
Dungeon (10/15)            Temple (1/1) D:4            Lair (2/8) D:10
    Orc: D:9-12

Altars:
Cheibriados
Fedhas
Nemelex Xobeh
Ru
Xom
Yredelemnul
Zin

Shops:
D:4 (}:   D:9 !

Annotations:
D:4 wand tele
D:5 1 runed door, Clownie's ghost, novice OpTm
Lair:2 Gastronok


Innate Abilities, Weirdness & Mutations

You have sharp fingernails.
You are partially covered in yellow scales (AC +2).
You regenerate health from kills.
You sometimes gain a little power by taking damage.


Message History

Casting: Mephitic Cloud
Confirm with . or Enter, or press ? or * to list all spells.
Aiming: Mephitic Cloud
Press: ? - help, Shift-Dir - straight line, f/p - wolf spider
Aim: a wolf spider (lightly wounded, clinging)
The ball explodes into a vile cloud!
The stinking cloud engulfs the wolf spider.
The wolf spider is lightly wounded.
The stinking cloud engulfs the plant.
The stinking cloud engulfs you!
The stinking cloud engulfs the hippogriff.
The wolf spider is engulfed in noxious fumes.
The wolf spider hits you!
* * * LOW HITPOINT WARNING * * *
The wolf spider bites you but does no damage.
Casting: Mephitic Cloud
Confirm with . or Enter, or press ? or * to list all spells.
You blink.
The wolf spider is engulfed in noxious fumes.
The wolf spider hits you!
You die...

##**,,,*******##...*
,,**,,,******,#...#*
,,**,,,,**,,,##P..#
,,**,,,,**,,,,....#
,,*,,,,,**,,,*#...#
,,*,,,,,,,,,,,#...##
,,**,,,**,**,*#P§§P#
,***.,,***######sH##
,,,,..?.###.....@.#*
,,,,...............#
,,,,...............#
,,,,........l.....##
,,,,..............#
**,*...<#.#..##...#*
**,,#...#.....#...P#
,,,,...,#....##...##
,,,*..,,##....*,,..*


You could see a wolf spider, a komodo dragon and a hippogriff.

Vanquished Creatures
  A minotaur (Lab)
  A hydra (Lair:2)
  Urug (D:10)
  The ghost of Clownie the Martial Artist, a novice OpMo of Ashenzari (D:9)
  A centaur zombie (D:10)
  A spiny frog (Lair:1)
  A komodo dragon (Lair:1)
  A merfolk (D:10)
  3 trolls
  19 yaks
  2 hippogriffs
  A deep elf mage (D:10)
  2 basilisks (Lair:2)
  2 wargs (D:10)
  2 water moccasins (Lair:1)
  6 orc warriors
  5 sky beasts
  A phantom (D:9)
  4 ogres
  3 porcupines
  An eye of draining (D:8)
  6 centaurs
  A necrophage (D:9)
  An elf zombie (D:9)
  5 crocodiles
  7 giant frogs
  Blork the orc (D:4)
  An elf skeleton (D:9)
  3 wights (D:10)
  8 killer bees (D:10)
  2 scorpions
  An electric eel (Lair:1)
  3 crimson imps
  A giant frog zombie (D:10)
  A quasit (D:8)
  A giant frog skeleton (D:9)
  15 orc wizards
  4 human zombies (D:9)
  11 orc priests
  6 hounds
  3 jellies
  A human skeleton (D:9)
  4 iguanas
  8 worker ants
  An ogre zombie (D:9)
  3 hound zombies
  A mummy (D:9)
  10 gnolls
  24 adders
  6 river rats
  A shadow imp (D:4)
  4 oozes
  4 worms
  A giant gecko (D:3)
  30 orcs
  4 bats
  10 giant cockroaches
  5 goblins
  7 hobgoblins
  13 jackals
  6 quokkas
  A ball python (D:2)
  A giant newt (D:3)
  9 kobolds
  An orc skeleton (D:9)
  An orc zombie (D:9)
  11 rats
307 creatures vanquished.

Vanquished Creatures (collateral kills)
  An ooze (D:1)
  A giant gecko (D:2)
  5 orcs
  A bat (D:2)
  2 goblins
  A hobgoblin (D:1)
  A jackal (D:4)
  2 giant newts
  A rat (D:2)
15 creatures vanquished.

Vanquished Creatures (others)
  2 fungi (Lair:2)
  A plant (Lair:2)
3 creatures vanquished.

Grand Total: 325 creatures vanquished

Notes
Turn   | Place    | Note
--------------------------------------------------------------
     0 | D:1      | Iskender the Demonspawn Wanderer began the quest for the Orb.
     0 | D:1      | Iskender set off with: a book of Minor Magic, 2 potions of lignification, a +0 robe, a +0 club, a +0 dagger, a bread ration
     0 | D:1      | Reached XP level 1. HP: 13/13 MP: 4/4
     2 | D:1      | Learned a level 1 spell: Magic Dart
   656 | D:1      | Gained mutation: You regenerate a little health from kills. [demonic ancestry]
   656 | D:1      | Reached XP level 2. HP: 17/19 MP: 4/6
   717 | D:1      | Learned a level 2 spell: Blink
   720 | D:1      | Learned a level 2 spell: Call Imp
  1176 | D:1      | Reached skill level 1 in Summonings
  1259 | D:1      | Reached XP level 3. HP: 7/24 MP: 3/7
  1687 | D:2      | Found a snail-covered altar of Cheibriados.
  1722 | D:2      | Became a worshipper of Cheibriados the Contemplative
  1757 | D:2      | Learned a level 3 spell: Mephitic Cloud
  1842 | D:2      | HP: 1/24 [adder (4)]
  1844 | D:2      | Reached skill level 5 in Dodging
  1844 | D:2      | Reached skill level 6 in Stealth
  1844 | D:2      | Reached skill level 5 in Conjurations
  1844 | D:2      | Gained mutation: You are partially covered in yellow scales (AC +2). [demonic ancestry]
  1844 | D:2      | Reached XP level 4. HP: 1/30 MP: 0/8
  1866 | D:2      | Reached * piety under Cheibriados
  1866 | D:2      | Reached XP level 5. HP: 10/35 MP: 0/9
  2471 | D:3      | Reached ** piety under Cheibriados
  2614 | D:3      | Reached XP level 6. HP: 36/41 MP: 5/10
  2693 | D:3      | Reached skill level 1 in Polearms
  2904 | D:3      | Learned a level 3 spell: Conjure Flame
  2996 | D:4      | Found Taroder's Gadget Emporium.
  3013 | D:4      | Noticed Blork the orc
  3018 | D:4      | Killed Blork the orc
  3106 | D:4      | Found Fuowe's Book Emporium.
  3151 | D:4      | Found a staircase to the Ecumenical Temple.
  3159 | Temple   | Entered the Ecumenical Temple
  3472 | D:4      | Gained mutation: You sometimes gain a little power by taking damage. [demonic ancestry]
  3472 | D:4      | Reached XP level 7. HP: 31/46 MP: 1/11
  3496 | D:4      | Found a glowing silver altar of Zin.
  3579 | D:4      | Found Natir's Antique Weapon Boutique.
  3618 | D:4      | Reached *** piety under Cheibriados
  3720 | D:4      | Found a sparkling altar of Nemelex Xobeh.
  4042 | D:5      | Entered Level 5 of the Dungeon
  4127 | D:5      | Reached skill level 1 in Shields
  4182 | D:5      | Found a glowing silver altar of Zin.
  4182 | D:5      | Noticed an angel
  4183 | D:5      | Found a runed door.
  4364 | D:5      | HP: 2/46 [poisoned by an orc wizard]
  4370 | D:5      | HP: 1/46 [poisoned by an orc wizard]
  4375 | D:5      | HP: 1/46 [poisoned by an orc wizard]
  4381 | D:5      | HP: 1/46 [poisoned by an orc wizard]
  4387 | D:5      | HP: 1/46 [poisoned by an orc wizard]
  4393 | D:5      | HP: 1/46 [poisoned by an orc wizard]
  4429 | D:5      | Gained mutation: You have sharp fingernails. [demonic ancestry]
  4429 | D:5      | Reached XP level 8. HP: 6/52 MP: 6/12
  4538 | D:5      | Noticed Clownie's ghost (novice OpTm)
  4814 | D:6      | Reached **** piety under Cheibriados
  5067 | D:6      | Found a blossoming altar of Fedhas.
  5082 | D:6      | Learned a level 2 spell: Repel Missiles
  5449 | D:6      | Reached skill level 1 in Invocations
  5875 | D:7      | Reached skill level 5 in Invocations
  6014 | D:8      | Reached XP level 9. HP: 57/57 MP: 9/13
  6055 | D:8      | Reached skill level 5 in Polearms
  6105 | D:8      | Reached ***** piety under Cheibriados
  6286 | D:8      | Found a shimmering altar of Xom.
  6500 | D:9      | Found a sacrificial altar of Ru.
  6548 | D:9      | Found Awnasi Ziew's Distillery.
  6553 | D:9      | Bought a potion of heal wounds for 75 gold pieces
  6553 | D:9      | Bought a potion of agility for 60 gold pieces
  6588 | D:9      | Noticed Clownie's ghost (novice OpMo)
  6652 | D:9      | Killed Clownie's ghost
  6652 | D:9      | Reached skill level 7 in Invocations
  6703 | D:9      | Reached skill level 8 in Invocations
  6978 | D:9      | Gained mutation: You regenerate health from kills. [demonic ancestry]
  6978 | D:9      | Reached XP level 10. HP: 63/63 MP: 3/16
  7155 | D:9      | Found a basalt altar of Yredelemnul.
  7352 | D:10     | Entered Level 10 of the Dungeon
  7813 | D:10     | Noticed Urug
  7834 | D:10     | Killed Urug
  7834 | D:10     | Reached skill level 9 in Polearms
  8059 | D:10     | Found a sacrificial altar of Ru.
  8232 | D:10     | Found a staircase to the Lair.
  8314 | D:10     | Reached XP level 11. HP: 68/68 MP: 9/17
  8328 | D:10     | Reached skill level 10 in Polearms
  8728 | Lair:1   | Entered Level 1 of the Lair of Beasts
  8984 | Lair:1   | Reached skill level 11 in Polearms
  9709 | Lair:2   | Found a labyrinth entrance.
  9724 | Lab      | Entered a labyrinth
  9846 | Lab      | Noticed a minotaur
  9874 | Lab      | Killed a minotaur
  9874 | Lab      | Reached skill level 12 in Polearms
  9897 | Lab      | Got a distressingly furry scale mail
  9925 | Lab      | Identified the +0 scale mail "Voegriph" {rCorr Str+4} (You found it in a labyrinth)
 10091 | Lair:2   | Reached ****** piety under Cheibriados
 10192 | Lair:2   | Noticed a seven-headed hydra
 10217 | Lair:2   | Killed a seven-headed hydra
 10354 | Lair:2   | Noticed Gastronok
 10373 | Lair:2   | Slain by a wolf spider

Action                   |  1- 3 |  4- 6 |  7- 9 | 10-12 || total
-------------------------+-------+-------+-------+-------++-------
Melee: Club              |    12 |       |       |       ||    12
       Dagger            |   112 |    14 |       |       ||   126
       Short sword       |       |    17 |       |       ||    17
       Halberd           |       |    38 |       |       ||    38
       Trident           |       |    32 |   102 |   134 ||   268
       Spear             |       |       |   258 |   637 ||   895
       Staff             |       |       |       |     1 ||     1
Throw: Stone             |    16 |     7 |     1 |       ||    24
       Tomahawk          |       |       |     9 |     1 ||    10
       Javelin           |       |       |       |     1 ||     1
 Cast: Magic Dart        |    72 |    79 |   201 |   176 ||   528
       Call Imp          |     9 |     6 |    16 |     6 ||    37
       Mephitic Cloud    |       |     3 |    13 |    21 ||    37
       Conjure Flame     |       |       |     9 |    10 ||    19
       Repel Missiles    |       |       |     2 |     1 ||     3
       Blink             |       |       |     3 |     8 ||    11
Invok: Slouch            |       |       |       |     4 ||     4
Evoke: Rod               |       |     5 |     7 |       ||    12
       Wand              |       |       |     5 |     1 ||     6
  Use: Scroll            |     1 |     3 |     7 |     3 ||    14
       Potion            |     2 |     2 |     1 |     2 ||     7
 Stab: Sleeping          |     2 |     3 |     8 |    16 ||    29
       Confused          |       |     3 |    23 |    31 ||    57
       Distracted        |       |     2 |     1 |     4 ||     7
  Eat: Bread ration      |     1 |       |       |     1 ||     2
       Chunk             |       |     5 |     7 |     6 ||    18
       Fruit             |       |       |     6 |       ||     6
       Pizza             |       |       |     1 |       ||     1
       Royal jelly       |       |       |       |     1 ||     1
